[ AOE2 MATCH · #505947498 ]
UnrankedMuisca vs Franks
Player's team · LOSS
Rival team · WIN
[ REPLAY ANALYSIS · EXTRACTED FROM THE RECORDED GAME ]
Feudal
15:04
Castle
28:31
Imperial
34:19
| APM avg | 52.4 |
| APM peak | 122 |
| eAPM avg | 35.1 |
| Villagers / military | 124 / 209 |
Focus
⚔️ 47.8% · 🌾 52.2%
Spearman ×109 · Archer ×53 · Monk ×38 · Unknown (2550) ×37 · Trebuchet (Packed) ×6 · Unknown (2586) ×5
Feudal
15:08
Castle
26:57
Imperial
37:38
| APM avg | 59.8 |
| APM peak | 122 |
| eAPM avg | 41.6 |
| Villagers / military | 237 / 184 |
Focus
⚔️ 29.9% · 🌾 70.1%
Knight ×77 · Skirmisher ×55 · Hand Cannoneer ×17 · Bombard Cannon ×11 · Archer ×10 · Trebuchet (Packed) ×6
Match map
Initial resources + every placement click. Lines = walls · curves = elevation contours. ◆ gold · ⬟ stone · ● berries · ✦ relic · ◌ wall gap
Your base· ✓ Closed at 28:31 · 33t walls · 1 gate(s)
serkoprime's base· ✓ Closed at 26:57 · 20t walls · no gate
Smoothed initial terrain · ◌ = detected wall gap · hover for details
Inputs per minute
— LowEloNobody - - serkoprime
Build order — LowEloNobody
First 150 of 611 actions detected
| 0:01 | Create | Villager (Male) |
| 0:02 | Create | Villager (Male) |
| 0:02 | Build | House |
| 0:04 | Build | House |
| 0:10 | Create | Villager (Male) |
| 0:11 | Create | Villager (Male) |
| 0:24 | Research | Loom |
| 0:35 | Create | Villager (Male) |
| 0:47 | Build | Palisade Wall |
| 0:51 | Create | Villager (Male) |
| 0:51 | Create | Villager (Male) |
| 2:05 | Create | Villager (Male) |
| 2:06 | Create | Villager (Male) |
| 3:14 | Create | Villager (Male) |
| 3:46 | Create | Villager (Male) |
| 3:50 | Build | Palisade Wall |
| 3:57 | Build | Palisade Wall |
| 4:06 | Build | Palisade Wall |
| 4:25 | Create | Villager (Male) |
| 4:25 | Create | Villager (Male) |
| 4:49 | Build | House |
| 5:02 | Build | Palisade Wall |
| 5:09 | Create | Villager (Male) |
| 5:09 | Create | Villager (Male) |
| 5:35 | Create | Villager (Male) |
| 6:06 | Create | Villager (Male) |
| 6:06 | Create | Villager (Male) |
| 6:22 | Create | Villager (Male) |
| 7:06 | Create | Villager (Male) |
| 7:06 | Create | Villager (Male) |
| 7:28 | Build | House |
| 7:47 | Build | Palisade Wall |
| 8:03 | Build | Palisade Wall |
| 8:13 | Create | Villager (Male) |
| 8:15 | Build | House |
| 8:16 | Create | Villager (Male) |
| 8:16 | Create | Villager (Male) |
| 8:20 | Build | Palisade Wall |
| 8:36 | Create | Villager (Male) |
| 8:51 | Build | Palisade Wall |
| 8:51 | Build | Palisade Wall |
| 9:32 | Create | Villager (Male) |
| 9:35 | Build | House |
| 9:39 | Create | Villager (Male) |
| 9:39 | Create | Villager (Male) |
| 10:00 | Build | Outpost |
| 10:07 | Build | Outpost |
| 10:26 | Build | House |
| 10:33 | Build | Settlement |
| 10:42 | Build | House |
| 10:44 | Create | Villager (Male) |
| 10:44 | Create | Villager (Male) |
| 10:44 | Create | Villager (Male) |
| 11:17 | Create | Villager (Male) |
| 11:30 | Create | Villager (Male) |
| 11:53 | Create | Villager (Male) |
| 12:29 | Create | Villager (Male) |
| 12:53 | Research | Feudal Age |
| 12:53 | Research | Feudal Age |
| 13:20 | Build | Settlement |
| 14:08 | Build | Barracks |
| 14:32 | Create | Villager (Male) |
| 14:41 | Create | Unit 2550 |
| 14:41 | Create | Unit 2550 |
| 14:50 | Build | Settlement |
| 15:04 | Age | Feudal Age |
| 15:06 | Build | Watch Tower |
| 15:10 | Research | Tech 1402 |
| 15:29 | Create | Villager (Male) |
| 15:35 | Create | Unit 2550 |
| 15:35 | Create | Unit 2550 |
| 15:39 | Create | Unit 2550 |
| 15:39 | Create | Unit 2550 |
| 15:41 | Build | Palisade Wall |
| 15:48 | Build | Blacksmith |
| 16:07 | Create | Villager (Male) |
| 16:16 | Create | Villager (Male) |
| 16:20 | Build | Archery Range |
| 16:21 | Create | Villager (Male) |
| 16:25 | Create | Villager (Male) |
| 16:29 | Create | Villager (Male) |
| 16:45 | Build | Settlement |
| 16:50 | Research | Fletching |
| 16:51 | Create | Villager (Male) |
| 17:15 | Create | Archer |
| 17:16 | Create | Archer |
| 17:16 | Create | Archer |
| 17:43 | Create | Archer |
| 17:43 | Create | Archer |
| 17:50 | Create | Villager (Male) |
| 17:56 | Build | House |
| 17:57 | Create | Archer |
| 18:07 | Create | Archer |
| 18:30 | Create | Villager (Male) |
| 18:45 | Build | House |
| 18:56 | Create | Archer |
| 19:19 | Create | Archer |
| 19:26 | Build | House |
| 19:27 | Create | Villager (Male) |
| 19:46 | Create | Villager (Male) |
| 20:22 | Create | Villager (Male) |
| 20:22 | Create | Villager (Male) |
| 20:22 | Create | Villager (Male) |
| 20:35 | Build | Watch Tower |
| 20:40 | Create | Villager (Male) |
| 20:47 | Build | Farm |
| 20:48 | Build | Farm |
| 20:49 | Build | Farm |
| 20:53 | Build | Market |
| 20:54 | Create | Villager (Male) |
| 20:59 | Build | Farm |
| 21:00 | Build | Farm |
| 21:20 | Create | Archer |
| 21:24 | Research | Double-Bit Axe |
| 21:26 | Create | Villager (Male) |
| 21:29 | Create | Archer |
| 21:39 | Build | Outpost |
| 21:56 | Create | Villager (Male) |
| 22:10 | Build | Farm |
| 22:10 | Build | Farm |
| 22:10 | Build | Farm |
| 22:11 | Build | Farm |
| 22:11 | Build | Farm |
| 22:17 | Create | Villager (Male) |
| 22:29 | Build | Watch Tower |
| 22:37 | Create | Villager (Male) |
| 22:41 | Build | Farm |
| 22:53 | Create | Villager (Male) |
| 23:02 | Build | Farm |
| 23:31 | Build | Outpost |
| 23:35 | Research | Horse Collar |
| 23:35 | Research | Horse Collar |
| 23:36 | Create | Villager (Male) |
| 23:56 | Create | Villager (Male) |
| 24:05 | Build | Watch Tower |
| 24:09 | Build | Farm |
| 24:19 | Create | Villager (Male) |
| 24:33 | Build | Outpost |
| 24:37 | Build | Farm |
| 24:48 | Create | Villager (Male) |
| 24:52 | Build | Farm |
| 25:00 | Build | Farm |
| 25:16 | Create | Villager (Male) |
| 25:29 | Build | Settlement |
| 25:42 | Create | Villager (Male) |
| 25:43 | Build | Farm |
| 25:46 | Research | Castle Age |
| 25:46 | Research | Castle Age |
| 25:51 | Research | Castle Age |
| 25:51 | Research | Castle Age |
Build order — serkoprime
First 150 of 652 actions detected
| 0:00 | Create | Villager (Male) |
| 0:00 | Create | Villager (Male) |
| 0:01 | Create | Villager (Male) |
| 0:01 | Build | House |
| 0:02 | Build | House |
| 0:26 | Create | Villager (Male) |
| 0:26 | Create | Villager (Male) |
| 0:43 | Research | Loom |
| 0:48 | Create | Villager (Male) |
| 0:49 | Create | Villager (Male) |
| 1:40 | Create | Villager (Male) |
| 2:19 | Build | Palisade Wall |
| 2:21 | Build | Palisade Wall |
| 2:21 | Build | Palisade Wall |
| 2:27 | Create | Villager (Male) |
| 2:27 | Create | Villager (Male) |
| 3:06 | Build | Palisade Wall |
| 3:06 | Build | Palisade Wall |
| 3:08 | Create | Villager (Male) |
| 3:26 | Create | Villager (Male) |
| 3:26 | Create | Villager (Male) |
| 3:45 | Create | Villager (Male) |
| 3:45 | Create | Villager (Male) |
| 4:02 | Build | Palisade Wall |
| 4:10 | Build | Palisade Wall |
| 4:11 | Build | Palisade Wall |
| 4:12 | Build | Palisade Wall |
| 4:13 | Build | Palisade Wall |
| 4:30 | Create | Villager (Male) |
| 4:46 | Build | Lumber Camp |
| 4:49 | Create | Villager (Male) |
| 4:49 | Create | Villager (Male) |
| 5:20 | Create | Villager (Male) |
| 5:20 | Create | Villager (Male) |
| 6:10 | Create | Villager (Male) |
| 6:10 | Create | Villager (Male) |
| 6:27 | Create | Villager (Male) |
| 6:28 | Create | Villager (Male) |
| 6:52 | Create | Villager (Male) |
| 6:53 | Create | Villager (Male) |
| 7:33 | Create | Villager (Male) |
| 7:56 | Build | House |
| 8:40 | Create | Villager (Male) |
| 8:41 | Create | Villager (Male) |
| 9:07 | Create | Villager (Male) |
| 9:23 | Build | House |
| 9:26 | Create | Villager (Male) |
| 9:26 | Create | Villager (Male) |
| 9:43 | Build | Mill |
| 9:57 | Create | Villager (Male) |
| 9:58 | Create | Villager (Male) |
| 10:10 | Create | Villager (Male) |
| 10:52 | Create | Villager (Male) |
| 10:54 | Build | Barracks |
| 11:02 | Build | Palisade Wall |
| 11:05 | Build | Palisade Wall |
| 11:08 | Build | Palisade Wall |
| 11:11 | Create | Villager (Male) |
| 11:12 | Create | Villager (Male) |
| 11:18 | Build | House |
| 11:57 | Create | Villager (Male) |
| 11:57 | Create | Villager (Male) |
| 12:03 | Create | Villager (Male) |
| 12:19 | Build | Mining Camp |
| 12:29 | Create | Villager (Male) |
| 12:58 | Research | Feudal Age |
| 12:58 | Research | Feudal Age |
| 13:15 | Create | Militia |
| 13:16 | Create | Militia |
| 13:18 | Build | House |
| 13:36 | Build | Mining Camp |
| 13:51 | Create | Militia |
| 13:51 | Create | Militia |
| 13:54 | Build | House |
| 14:07 | Create | Militia |
| 14:12 | Build | House |
| 14:22 | Create | Villager (Male) |
| 14:36 | Build | Farm |
| 14:40 | Create | Villager (Male) |
| 15:08 | Age | Feudal Age |
| 15:09 | Build | Watch Tower |
| 15:11 | Research | Man-at-Arms (upgrade) |
| 15:20 | Build | Archery Range |
| 15:27 | Create | Villager (Male) |
| 15:29 | Create | Villager (Male) |
| 16:02 | Create | Villager (Male) |
| 16:08 | Create | Villager (Male) |
| 16:19 | Create | Archer |
| 16:20 | Create | Archer |
| 16:21 | Create | Villager (Male) |
| 16:26 | Build | Watch Tower |
| 16:31 | Create | Villager (Male) |
| 16:34 | Create | Villager (Male) |
| 16:38 | Research | Double-Bit Axe |
| 17:21 | Create | Archer |
| 17:37 | Create | Villager (Male) |
| 17:39 | Build | House |
| 17:41 | Create | Villager (Male) |
| 17:48 | Build | Lumber Camp |
| 18:11 | Create | Archer |
| 18:34 | Create | Archer |
| 19:03 | Create | Villager (Male) |
| 19:13 | Build | House |
| 19:14 | Create | Villager (Male) |
| 19:15 | Create | Archer |
| 19:25 | Build | Farm |
| 19:26 | Build | Farm |
| 19:29 | Build | Farm |
| 19:32 | Build | Farm |
| 19:46 | Create | Archer |
| 20:22 | Create | Archer |
| 20:24 | Create | Villager (Male) |
| 20:26 | Build | Farm |
| 20:27 | Build | Farm |
| 20:35 | Build | Blacksmith |
| 20:49 | Create | Villager (Male) |
| 20:55 | Build | Farm |
| 20:57 | Build | Farm |
| 20:57 | Build | Farm |
| 21:01 | Build | Farm |
| 21:02 | Create | Villager (Male) |
| 21:05 | Build | House |
| 21:06 | Build | House |
| 21:20 | Build | Lumber Camp |
| 21:21 | Create | Villager (Male) |
| 21:34 | Build | Farm |
| 22:06 | Create | Archer |
| 22:07 | Create | Villager (Male) |
| 22:10 | Build | Farm |
| 22:11 | Build | Farm |
| 22:12 | Build | Farm |
| 22:17 | Build | Farm |
| 22:18 | Create | Villager (Male) |
| 22:20 | Create | Villager (Male) |
| 22:34 | Create | Villager (Male) |
| 22:52 | Create | Villager (Male) |
| 22:53 | Create | Villager (Male) |
| 22:54 | Build | Farm |
| 23:07 | Build | Stone Wall |
| 23:16 | Build | Farm |
| 23:19 | Create | Villager (Male) |
| 23:20 | Build | Market |
| 23:22 | Create | Villager (Male) |
| 23:24 | Create | Villager (Male) |
| 23:33 | Build | Farm |
| 23:38 | Build | Farm |
| 23:43 | Build | Farm |
| 23:45 | Build | Farm |
| 23:49 | Create | Villager (Male) |
| 24:17 | Research | Castle Age |
Match timeline
| 0:47 | LowEloNobody · wall_segment Palisade Wall x9 |
| 2:19 | serkoprime · wall_segment Palisade Wall x1 |
| 2:21 | serkoprime · wall_segment Palisade Wall x1 |
| 2:21 | serkoprime · wall_segment Palisade Wall x1 |
| 3:06 | serkoprime · wall_segment Palisade Wall x1 |
| 3:06 | serkoprime · wall_segment Palisade Wall x1 |
| 3:50 | LowEloNobody · wall_segment Palisade Wall x1 |
| 3:57 | LowEloNobody · wall_segment Palisade Wall x1 |
| 4:02 | serkoprime · wall_segment Palisade Wall x1 |
| 4:06 | LowEloNobody · wall_segment Palisade Wall x1 |
| 4:10 | serkoprime · wall_segment Palisade Wall x1 |
| 4:11 | serkoprime · wall_segment Palisade Wall x1 |
| 4:12 | serkoprime · wall_segment Palisade Wall x1 |
| 4:13 | serkoprime · wall_segment Palisade Wall x1 |
| 5:02 | LowEloNobody · wall_segment Palisade Wall x1 |
| 7:47 | LowEloNobody · wall_segment Palisade Wall x1 |
| 8:03 | LowEloNobody · wall_segment Palisade Wall x1 |
| 8:20 | LowEloNobody · wall_segment Palisade Wall x1 |
| 8:51 | LowEloNobody · wall_segment Palisade Wall x1 |
| 8:51 | LowEloNobody · wall_segment Palisade Wall x8 |
| 10:54 | serkoprime · first_building Barracks |
| 11:02 | serkoprime · wall_segment Palisade Wall x1 |
| 11:05 | serkoprime · wall_segment Palisade Wall x1 |
| 11:08 | serkoprime · wall_segment Palisade Wall x1 |
| 14:08 | LowEloNobody · first_building Barracks |
| 15:04 | LowEloNobody · age_up feudal |
| 15:08 | serkoprime · age_up feudal |
| 15:20 | serkoprime · first_building Archery Range |
| 15:41 | LowEloNobody · wall_segment Palisade Wall x1 |
| 16:20 | LowEloNobody · first_building Archery Range |
| 22:45 | LowEloNobody · first_market_buy 100 food |
| 23:07 | serkoprime · wall_segment Stone Wall x7 |
| 24:09 | serkoprime · first_market_buy 100 food |
| 24:13 | serkoprime · first_market_sell 100 wood |
| 26:57 | serkoprime · age_up castle |
| 26:59 | serkoprime · first_building Siege Workshop |
| 27:56 | serkoprime · first_building Castle |
| 28:28 | LowEloNobody · wall_segment Stone Wall x13 |
| 28:31 | LowEloNobody · age_up castle |
| 30:09 | LowEloNobody · first_building Monastery |
| 30:28 | LowEloNobody · first_market_sell 100 stone |
| 33:25 | LowEloNobody · first_building Castle |
| 34:19 | LowEloNobody · age_up imperial |
| 35:05 | serkoprime · first_building Stable |
| 37:38 | serkoprime · age_up imperial |
| 38:09 | serkoprime · wall_segment Stone Wall x5 |
| 38:13 | serkoprime · wall_segment Stone Wall x4 |
| 38:42 | serkoprime · wall_segment Stone Wall x1 |
| 38:43 | serkoprime · wall_segment Stone Wall x3 |
| 38:52 | serkoprime · wall_segment Stone Wall x1 |
| 38:54 | serkoprime · wall_segment Stone Wall x1 |
| 38:58 | serkoprime · wall_segment Stone Wall x6 |
| 39:32 | serkoprime · wall_segment Stone Wall x6 |
| 39:43 | serkoprime · wall_segment Stone Wall x3 |
| 39:45 | serkoprime · wall_segment Stone Wall x3 |
| 39:47 | serkoprime · wall_segment Stone Wall x1 |
| 39:47 | serkoprime · wall_segment Stone Wall x1 |
| 40:28 | serkoprime · wall_segment Stone Wall x10 |
| 40:56 | serkoprime · wall_segment Stone Wall x1 |
| 41:10 | serkoprime · wall_segment Stone Wall x5 |
| 52:39 | LowEloNobody · resign |
[ AI ANALYSIS · 1 CREDIT ]
What really happened in this match?
Wolo.gg analyzes every decision: build order, eco, micro, common mistakes by bracket. Personalized analysis on WhatsApp or Discord in 30 seconds.
Civ guide
Muisca
Perfil
Jugador #4114146